 Dungeon Crawl Stone Soup version 0.27-a0-1196-g3e9cee4cb2 (webtiles) character file.

Game seed: 1297865394495249624

5555 robertstho the Cleaver (level 10, -3/91 HPs)
             Began as a Minotaur Fighter on May 28, 2021.
             Was a Priest of Okawaru.
             Shot with an arrow by a centaur warrior (13 damage)
             ... on level 8 of the Dungeon.
             The game lasted 00:11:58 (8246 turns).

robertstho the Cleaver (Minotaur Fighter)           Turns: 8246, Time: 00:11:59

Health: -3/91      AC: 11    Str: 23    XL:     10   Next: 44%
Magic:  11/11      EV: 10    Int:  6    God:    Okawaru [***...]
Gold:   595        SH: 11    Dex: 10    Spells: 9/9 levels left

rFire    + . .     SeeInvis .   G - +0 war axe (elec)
rCold    . . .     Faith    .   c - +0 kite shield
rNeg     . . .     Spirit   .   t - +3 ring mail {rF+}
rPois    +         Reflect  .   (helmet restricted)
rElec    .         Harm     .   (no cloak)
rCorr    .         Rampage  .   l - +0 pair of gloves
Will     .....                  (no boots)
Stlth    +.........             n - amulet of the acrobat
HPRegen  0.25/turn              A - ring of poison resistance
MPRegen  0.12/turn              y - ring of flight

@: flying, invisible
A: horns 2, retaliatory headbutt, subdued magic 1
a: Renounce Religion, Heroism


You were on level 8 of the Dungeon.
You worshipped Okawaru.
Okawaru was most pleased with you.
You visited 2 branches of the dungeon, and saw 9 of its levels.

You collected 595 gold pieces.

Inventory:

Hand Weapons
 G - a +0 war axe of electrocution (weapon)
Armour
 c - a +0 kite shield (worn)
 l - a +0 pair of gloves (worn)
 t - a +3 ring mail of fire resistance (worn)
Jewellery
 n - an amulet of the acrobat (around neck)
 w - a ring of fire
 y - a ring of flight (right hand)
 A - a ring of poison resistance (left hand)
Wands
 d - a wand of acid (4)
 u - a wand of flame (16)
 x - a wand of iceblast (3)
Scrolls
 e - a scroll of fear {unknown}
 f - 2 scrolls of enchant weapon {unknown}
 g - 4 scrolls of amnesia {unknown}
 h - 3 scrolls of identify
 k - 3 scrolls of blinking {unknown}
 o - 2 scrolls of teleportation
 v - 2 scrolls of vulnerability
 E - a scroll of magic mapping {unknown}
 F - 2 scrolls of brand weapon {unknown}
Potions
 b - 2 potions of brilliance
 i - 4 potions of degeneration
 m - a potion of lignification
 p - 2 potions of attraction
 q - a potion of mutation
 s - 2 potions of flight
 z - 2 potions of magic
 D - a potion of haste


   Skills:
 * Level 9.5 Fighting
 + Level 10.1 Axes
 * Level 9.3 Armour
 + Level 4.4 Dodging
 - Level 1.1 Stealth
 + Level 8.0 Shields
 * Level 3.6 Invocations
 + Level 0.7 Evocations


You had 9 spell levels left.
You didn't know any spells.
Your spell library contained the following spells:

 Spells                   Type           Power      Damage    Failure   Level
 Beastly Appendage        Tmut           0%         N/A       85%         1
 Wereblood                Tmut           0%         N/A       94%         2
 Spider Form              Tmut/Pois      0%         N/A       99%         3
 Ice Form                 Ice/Tmut       0%         N/A       100%        4
 Hydra Form               Tmut           0%         N/A       100%        5


Dungeon Overview and Level Annotations

Branches:
Dungeon (8/15)             Temple (1/1) D:4
   Lair: D:8-11

Altars:
Ashenzari
Cheibriados
Dithmenos
Elyvilon
Fedhas
Gozag
Hepliaklqana
Kikubaaqudgha
Makhleb
Nemelex Xobeh
Okawaru
Qazlal
Ru
Sif Muna
Trog
Uskayaw
Vehumet
Wu Jian
Xom
Yredelemnul
Zin
The Shining One

Shops:
D:1 :   D:3 [

Annotations:
D:8 1 runed translucent door, Drazool's ghost, novice TrGl


Innate Abilities, Weirdness & Mutations

You have a pair of horns on your head.
You reflexively headbutt those who attack you in melee.
Your spells are a little easier to cast, but a little less powerful.


Message History

A cyclops comes into view.
Aiming: Iceblast
Press: ? - help, Shift-Dir - straight line, f/p - centaur warrior
Aim: a centaur warrior, wielding a +0 shortbow, wearing a ring of willpower and quivering arrows (moderately wounded)
The mass of ice explodes!
The iceblast engulfs the centaur warrior!!
The centaur warrior is heavily wounded.
The iceblast engulfs the ufetubus!
The ufetubus partially resists.
You kill the ufetubus!
The iceblast engulfs the kobold demonologist!
The kobold demonologist is heavily wounded.
The centaur warrior shoots an arrow.
You block the arrow.
The centaur warrior shoots an arrow.
The arrow closely misses you.
Aiming: Iceblast
Press: ? - help, Shift-Dir - straight line, f/p - centaur warrior
Aim: a centaur warrior, wielding a +0 shortbow, wearing a ring of willpower and quivering arrows (heavily wounded)
The mass of ice explodes!
The iceblast engulfs the centaur warrior!
The centaur warrior is severely wounded.
The iceblast engulfs the kobold demonologist!
The kobold demonologist is severely wounded.
The iceblast engulfs the neqoxec!
The neqoxec is heavily wounded.
The centaur warrior shoots an arrow.
The arrow hits you!
* * * LOW HITPOINT WARNING * * *
It was a potion of curing.
You feel better.
The centaur warrior shoots an arrow.
The arrow hits you but does no damage.
The centaur warrior shoots an arrow.
The arrow hits you!
* * * LOW HITPOINT WARNING * * *
It was a potion of cancellation.
Your magical effects are unravelling.
You feel magically purged.
You feel a little less mighty now.
The centaur warrior shoots an arrow.
The arrow hits you!
* * * LOW HITPOINT WARNING * * *
It was a potion of invisibility.
You fade into invisibility!
The centaur warrior shoots an arrow.
The arrow barely misses you.
The centaur warrior shoots an arrow.
The arrow hits you!
You die...

. #..#..#### #.#......###..# .
#..######.# #....##....#..# .
#..# #.#.# #.#......###..# .
#..# #.#[# #.#....### #..#
###..### #.#.##.##.### #..#
.......### #.#.#..### # #..#
######...### #.#'### ..# #..#
.......#...####)###3.# #Y##
###....###...###@†cK.# #.#
#....# ##....####C.".# #.# .
#....####.......###..# #.#
###...........###...#### #c#
.............(........### #.#
###...........#....##...####.#
#...........#.#######......#
#.[.........#.##############
#.##'######.#.............#


You could see a centaur warrior, a cyclops, a kobold demonologist and a neqoxec
(summoned).

Vanquished Creatures
  An ugly thing (D:8)
  2 manticores (D:8)
  A hornet (D:8)
  Grinder (D:6)
  Sigmund (D:2)
  6 yaks (D:8)
  2 water moccasins (D:5)
  3 ice beasts
  An orc warrior (D:6)
  3 black bears
  3 necrophages (D:6)
  4 centaurs
  2 kobold brigands
  A scorpion (D:6)
  A water moccasin skeleton (D:6)
  3 killer bees
  A howler monkey (D:8)
  6 wights (D:8)
  A bullfrog zombie (D:5)
  3 centaur zombies (D:8)
  5 jellies
  A centaur skeleton (D:7)
  2 orc priests
  2 gnoll shamans
  2 iguanas
  An orc wizard (D:4)
  2 howler monkey zombies
  Robin (D:2)
  12 gnolls
  4 adders
  A shadow imp (D:6)
  2 white imps (D:8)
  An ufetubus (D:6)
  5 worms
  4 dart slugs
  18 orcs
  18 endoplasms
  9 giant cockroaches
  21 goblins
  10 hobgoblins
  7 jackals
  23 kobolds
  8 quokkas
  5 ball pythons
  4 bats
  2 frilled lizards
  5 rats
221 creatures vanquished.

Vanquished Creatures (others)
  3 fungi (D:3)
  9 toadstools (D:3)
12 creatures vanquished.

Grand Total: 233 creatures vanquished

Notes
Turn   | Place    | Note
-------+----------+-------------------------------------------
     0 | D:1      | robertstho the Minotaur Fighter began the quest for the
                  | Orb.
     0 | D:1      | Reached XP level 1. HP: 19/19 MP: 0/0
   139 | D:1      | Found Icikk's Book Emporium.
   145 | D:1      | Reached XP level 2. HP: 27/27 MP: 1/1
   363 | D:1      | Reached XP level 3. HP: 33/33 MP: 2/2
   932 | D:2      | Reached skill level 3 in Axes
  1013 | D:2      | Identified the +1 helmet of Gah Erub {Stlth+}
  1013 | D:2      | Noticed Robin
  1038 | D:2      | Killed Robin
  1039 | D:2      | Reached XP level 4. HP: 29/41 MP: 3/3
  1614 | D:2      | Noticed Sigmund
  1623 | D:2      | Killed Sigmund
  1624 | D:2      | Reached skill level 5 in Fighting
  1624 | D:2      | Reached skill level 4 in Axes
  1624 | D:2      | Reached skill level 1 in Dodging
  1624 | D:2      | Reached XP level 5. HP: 40/48 MP: 4/4
  1883 | D:3      | Reached skill level 5 in Armour
  1917 | D:3      | Reached XP level 6. HP: 48/56 MP: 5/5
  2206 | D:3      | Found Senaek's Armour Boutique.
  2353 | D:3      | Found a faded altar of an unknown god.
  2451 | D:3      | Found a shimmering altar of Xom.
  2452 | D:3      | Found a hazy altar of Hepliaklqana.
  2453 | D:3      | Noticed a yak
  2453 | D:3      | Noticed a spectral ugly thing
  3087 | D:4      | Reached skill level 5 in Axes
  3135 | D:4      | Found a staircase to the Ecumenical Temple.
  3456 | D:4      | Reached XP level 7. HP: 48/62 MP: 6/6
  3685 | D:4      | Found an ancient bone altar of Kikubaaqudgha.
  3808 | D:4      | Found a blossoming altar of Fedhas.
  3992 | D:5      | Entered Level 5 of the Dungeon
  4025 | D:5      | Reached skill level 6 in Axes
  4111 | D:5      | Reached skill level 5 in Shields
  4366 | D:5      | Reached XP level 8. HP: 52/71 MP: 7/7
  5033 | D:6      | Found a white marble altar of Elyvilon.
  5035 | D:6      | Found a radiant altar of Vehumet.
  5077 | D:6      | Reached skill level 7 in Axes
  5177 | D:6      | Noticed Grinder
  5193 | D:6      | Paralysed by Grinder for 4 turns
  5199 | D:6      | Killed Grinder
  5200 | D:6      | Reached skill level 1 in Stealth
  5641 | D:6      | Reached skill level 8 in Axes
  5645 | D:6      | Reached XP level 9. HP: 80/80 MP: 8/8
  5718 | D:6      | Found an ornate altar of the Wu Jian Council.
  6005 | D:7      | Noticed a six-headed hydra
  6168 | Temple   | Entered the Ecumenical Temple
  6337 | Temple   | Became a worshipper of Warmaster Okawaru
  6518 | D:7      | Noticed a two-headed ogre
  6715 | D:8      | Reached skill level 1 in Invocations
  6944 | D:8      | Found a snail-covered altar of Cheibriados.
  6985 | D:8      | Reached * piety under Okawaru
  6991 | D:8      | Reached skill level 9 in Axes
  7078 | D:8      | Gained mutation: Your spells are a little easier to cast,
                  | but a little less powerful. [potion of mutation]
  7608 | D:8      | Found a runed translucent door.
  7659 | D:8      | Reached ** piety under Okawaru
  7774 | D:8      | Reached XP level 10. HP: 65/87 MP: 11/11
  7923 | D:8      | Noticed Drazool's ghost (novice TrGl)
  8225 | D:8      | Noticed a centaur warrior
  8225 | D:8      | Noticed a manticore
  8225 | D:8      | Noticed a manticore
  8227 | D:8      | Noticed a purple ugly thing
  8235 | D:8      | Killed a manticore
  8236 | D:8      | Killed a manticore
  8239 | D:8      | Killed a purple ugly thing
  8239 | D:8      | Reached *** piety under Okawaru
  8240 | D:8      | Reached skill level 10 in Axes
  8241 | D:8      | Noticed a cyclops
  8246 | D:8      | Shot with an arrow by a centaur warrior

Illustrated notes

Levels and vault maps discovered:
D:1:      dpeg_arrival_signposts, layout_rooms, serial_shops, shop
D:2:      layout_loops_ring, kennysheep_cross_room, minmay_misc_feat_encased,
          uniq_sigmund, uniq_robin
D:3:      cheibrodos_fertilizer, layout_loops_ring,
          regret_index_temple_of_mockery, serial_shops, shop_coins,
          shapermc_ecumenical_altar_mp_highgroup, gup_sewer_entry_pipe,
          chequers_serial_rivers_room_b
D:4:      layout_basic, general_overflow_altar, kennysheep_mini,
          minmay_temple_entry_stoned_glass
D:5:      layout_cave_pods
D:6:      layout_gridville, nicolae_overflow_hidden_temple, marbit_many_paths,
          kennysheep_generic_room_8, uniq_grinder
D:7:      layout_cave_pools, minmay_manual_monstrance
D:8:      minmay_the_grid_triangle_9x9_rhombus_thin
          [minmay_the_grid_triangle_9x9_dagger,
          minmay_the_grid_triangle_9x9_prize_schism,
          minmay_the_grid_triangle_9x9_sparse_checkered,
          minmay_the_grid_triangle_9x9_checkered], layout_basic, slow_altar_2,
          ebering_ghost_inner_flame, chequers_serial_rivers_micro_d,
          supply_closet_lemuel
Temple:   eino_narrow_crystal_temple

Skill      XL: |  1  2  3  4  5  6  7  8  9 10 |
---------------+-------------------------------+-----
Fighting       | 4 5 6 7 9 |  9.5
Shields        | 4 5 6 7 8 |  8.0
Armour         | 4 5 6 7 8 9 |  9.3
Axes           | 3 4 5 6 8 9 10 | 10.1
Dodging        | 1 2 4 |  4.4
Stealth        | 1 |  1.1
Invocations    | 2 3 |  3.6
Evocations     | |  0.7

Action                   |  1- 3 |  4- 6 |  7- 9 | 10-12 || total
-------------------------+-------+-------+-------+-------++-------
Melee: War axe           |    96 |   146 |   251 |    34 ||   527
       Headbutt          |    11 |    27 |    49 |     9 ||    96
Evoke: Wand              |       |       |     3 |     7 ||    10
  Use: Potion            |       |     1 |     6 |     4 ||    11
       Scroll            |       |       |     6 |       ||     6
Armor: Scale mail        |    49 |     9 |       |       ||    58
       Chain mail        |       |    68 |     7 |       ||    75
       Ring mail         |       |       |    90 |    11 ||   101
       Skin              |       |       |    10 |       ||    10
Dodge: Dodged            |    42 |    41 |   135 |    16 ||   234
Block: Kite shield       |    57 |    76 |   158 |    28 ||   319

Table legend: (Time is in decaauts)
 A = Elapsed time spent in this place.
 B = Non-inter-level travel time spent in this place.
 C = Inter-level travel time spent in this place.
 D = Time resting spent in this place.
 E = Time spent auto-exploring this place.
 F = Levels seen in this place.
 G = Mean time per level.
                   A        B        C        D        E       F      G
               +--------+--------+--------+--------+--------+-----+--------+
         Total |   8453 |   7873 |    580 |    938 |   5396 |   9 |  939.2 |
       Dungeon |   8269 |   7728 |    541 |    938 |   5251 |   8 | 1033.6 |
        Temple |    184 |    146 |     38 |      0 |    145 |   1 |  184.0 |
               +--------+--------+--------+--------+--------+-----+--------+

Top non-repeatable levels by time:
     D:8: 1717 daAuts
     D:3: 1518 daAuts
     D:2: 1196 daAuts
     D:5: 1083 daAuts
     D:6: 1054 daAuts
     D:4: 789 daAuts
     D:1: 706 daAuts
     D:7: 203 daAuts
  Temple: 184 daAuts
